PAAA
CALGARY LYNX @ MILTON DOGFISH HEAD
08/15/2026
 
TOP OF THE 1ST
Calgary Lynx batting - Pitching for Milton Dogfish Head : RHP Santiago Paez
Pitching: RHP Santiago Paez
Batting: RHB Logan Namajunas 0-0: Swinging Strike
0-1: Ball
1-1: Ball
2-1: Ball
3-1: Ground out 5-3 (Groundball, 5)
Batting: RHB José Carlos Ramos 0-0: Reached on error, E6 (Groundball, 6)
Batting: RHB Frank Grimes 0-0: Fly out, F9 (Flyball, 9S)
Batting: RHB Jesús Martínez 0-0: Ball
1-0: Ball
2-0: Foul Ball, location: 2F
2-1: Ball
3-1: Swinging Strike
3-2: SINGLE (Groundball, 6MD)
José Carlos Ramos to third
José Carlos Ramos scores
Batting: LHB Wilson Horton 0-0: Ball
1-0: Ball
2-0: Ball
3-0: Called Strike
3-1: Called Strike
3-2: Ground out 5-3 (Groundball, 25)
Top of the 1st over - 1 run(s), 1 hit(s), 1 error(s), 1 left on base; Calgary 1 - Milton 0
BOTTOM OF THE 1ST
Milton Dogfish Head batting - Pitching for Calgary Lynx : LHP Andrés Quezada
Pitching: LHP Andrés Quezada
Batting: LHB Floyd Long 0-0: Ball
1-0: Ball
2-0: Called Strike
2-1: Swinging Strike
2-2: Strikes out swinging
Batting: LHB Jack Sutherland 0-0: Swinging Strike
0-1: Ball
1-1: Fly out, F9 (Line Drive, 9LM)
Batting: LHB Víctor Robledo 0-0: Called Strike
0-1: Foul Ball, location: 2F
0-2: Foul Ball, location: 2F
0-2: Foul Ball, location: 2F
0-2: Strikes out swinging
Bottom of the 1st over - 0 run(s), 0 hit(s), 0 error(s), 0 left on base; Calgary 1 - Milton 0
TOP OF THE 2ND
Calgary Lynx batting - Pitching for Milton Dogfish Head : RHP Santiago Paez
Batting: SHB Lowell Moon 0-0: Ball
1-0: SINGLE (Line Drive, 9LS)
Batting: LHB Daniel García 0-0: Ball
1-0: Called Strike
1-1: Called Strike
1-2: Foul Ball, location: 2F
1-2: Fly out, F8 (Flyball, 8LM)
Batting: RHB Wilson Vega 0-0: Called Strike
0-1: Foul Ball, location: 2F
0-2: Ball
1-2: Fly out, F8 (Line Drive, 8LM)
Batting: RHB Pau Arria 0-0: Called Strike
Lowell Moon steals 2nd base
0-1: Ball
1-1: Foul Ball, location: 2F
1-2: Ball
2-2: Ball
3-2: Base on Balls
Batting: RHB Logan Namajunas 0-0: Ball
1-0: Ball
2-0: Swinging Strike
2-1: Ball
3-1: Foul Ball, location: 2F
3-2: Fly out, F9 (Flyball, 9LSF)
Top of the 2nd over - 0 run(s), 1 hit(s), 0 error(s), 2 left on base; Calgary 1 - Milton 0
BOTTOM OF THE 2ND
Milton Dogfish Head batting - Pitching for Calgary Lynx : LHP Andrés Quezada
Batting: LHB António Ramos 0-0: Called Strike
0-1: Foul Ball, location: 2F
0-2: Strikes out swinging
Batting: RHB Moisés Quintana 0-0: Called Strike
0-1: Called Strike
0-2: Foul Ball, location: 2F
0-2: Foul Ball, location: 2F
0-2: Ball
1-2: Ground out 6-3 (Groundball, 6)
Batting: RHB Luis Alomar 0-0: Called Strike
0-1: Ball
1-1: DOUBLE (Line Drive, 7)
Batting: LHB Luis Vicenteno 0-0: Called Strike
0-1: Ball
1-1: Swinging Strike
1-2: Strikes out looking
Bottom of the 2nd over - 0 run(s), 1 hit(s), 0 error(s), 1 left on base; Calgary 1 - Milton 0
TOP OF THE 3RD
Calgary Lynx batting - Pitching for Milton Dogfish Head : RHP Santiago Paez
Batting: RHB José Carlos Ramos 0-0: Called Strike
0-1: Foul Ball, location: 2F
0-2: SINGLE (Groundball, 56D)
Batting: RHB Frank Grimes 0-0: SINGLE (Flyball, 89S)
José Carlos Ramos to second
Runner from 2nd tries for 3rd, SAFE, throw made to third
Batting: RHB Jesús Martínez 0-0: Fly out, F7 (Flyball, 78D)
Runner from 3rd tags up, OUT at HOME
Frank Grimes to second
Batting: LHB Wilson Horton 0-0: Ball
1-0: Fly out, F8 (Flyball, 78M)
Top of the 3rd over - 0 run(s), 2 hit(s), 0 error(s), 1 left on base; Calgary 1 - Milton 0
BOTTOM OF THE 3RD
Milton Dogfish Head batting - Pitching for Calgary Lynx : LHP Andrés Quezada
Batting: RHB Víctor López 0-0: Called Strike
0-1: Fly out, F9 (Flyball, 9)
Batting: RHB Lorenzo Rosas 0-0: Called Strike
0-1: Fly out, F3 (Popup, 3L)
Batting: LHB Floyd Long 0-0: Called Strike
0-1: Foul Ball, location: 2F
0-2: Ground out 4-3 (Groundball, 34D)
Bottom of the 3rd over - 0 run(s), 0 hit(s), 0 error(s), 0 left on base; Calgary 1 - Milton 0
TOP OF THE 4TH
Calgary Lynx batting - Pitching for Milton Dogfish Head : RHP Santiago Paez
Batting: SHB Lowell Moon 0-0: Called Strike
0-1: Ball
1-1: Ball
2-1: Ball
3-1: Base on Balls
Batting: LHB Daniel García 0-0: Ball
1-0: Foul Ball, location: 2F
1-1: Ball
2-1: Grounds into double play, 4-6-3 (Groundball, 4)
Batting: RHB Wilson Vega 0-0: Called Strike
0-1: Called Strike
0-2: Ground out 6-3 (Groundball, 6)
Top of the 4th over - 0 run(s), 0 hit(s), 0 error(s), 0 left on base; Calgary 1 - Milton 0
BOTTOM OF THE 4TH
Milton Dogfish Head batting - Pitching for Calgary Lynx : LHP Andrés Quezada
Batting: LHB Jack Sutherland 0-0: Ball
1-0: Ball
2-0: Fly out, F3 (Line Drive, 3)
Batting: LHB Víctor Robledo 0-0: Called Strike
0-1: Foul Ball, location: 2F
0-2: Ball
1-2: Strikes out swinging
Batting: LHB António Ramos 0-0: Ball
1-0: Called Strike
1-1: Ball
2-1: Foul Ball, location: 2F
2-2: SINGLE (Groundball, 6D)
Batting: RHB Moisés Quintana 0-0: Called Strike
0-1: Fly out, F8 (Flyball, 8LXD)
Bottom of the 4th over - 0 run(s), 1 hit(s), 0 error(s), 1 left on base; Calgary 1 - Milton 0
TOP OF THE 5TH
Calgary Lynx batting - Pitching for Milton Dogfish Head : RHP Santiago Paez
Batting: RHB Pau Arria 0-0: Ball
1-0: Foul Ball, location: 2F
1-1: Called Strike
1-2: Ball
2-2: SINGLE (Line Drive, 8RS)
Batting: RHB Logan Namajunas 0-0: Bunted foul
0-1: Sac Bunt - play at first, batter OUT! 5-4
Pau Arria to second
Batting: RHB José Carlos Ramos 0-0: Ball
1-0: Ball
2-0: Ball
3-0: Called Strike
3-1: Fly out, F4 (Popup, 4D)
Batting: RHB Frank Grimes 0-0: Ball
1-0: Ball
2-0: DOUBLE (Flyball, 89XD)
Pau Arria scores
Batting: RHB Jesús Martínez 0-0: Ball
1-0: Ground out 5-3 (Groundball, 56S)
Top of the 5th over - 1 run(s), 2 hit(s), 0 error(s), 1 left on base; Calgary 2 - Milton 0
BOTTOM OF THE 5TH
Milton Dogfish Head batting - Pitching for Calgary Lynx : LHP Andrés Quezada
Batting: RHB Luis Alomar 0-0: Ball
1-0: Ground out 5-3 (Groundball, 56)
Batting: LHB Luis Vicenteno 0-0: Ball
1-0: Ball
2-0: Ground out 4-3 (Groundball, 34)
Batting: RHB Víctor López 0-0: Called Strike
0-1: Ball
1-1: Ball
2-1: Ball
3-1: Base on Balls
Batting: RHB Lorenzo Rosas 0-0: Called Strike
Víctor López steals 2nd base
0-1: Ball
1-1: Ball
2-1: Ground out 6-3 (Groundball, 6S)
Bottom of the 5th over - 0 run(s), 0 hit(s), 0 error(s), 1 left on base; Calgary 2 - Milton 0
TOP OF THE 6TH
Calgary Lynx batting - Pitching for Milton Dogfish Head : RHP Santiago Paez
Batting: LHB Wilson Horton 0-0: Ball
1-0: SOLO HOME RUN (Flyball, 9D), Distance : 366 ft
Batting: SHB Lowell Moon 0-0: Swinging Strike
0-1: Ball
1-1: Fly out, F3 (Popup, 3L)
Batting: LHB Daniel García 0-0: Ball
1-0: Called Strike
1-1: Ball
2-1: Ball
3-1: Foul Ball, location: 2F
3-2: SINGLE (Groundball, 34D)
Batting: RHB Wilson Vega 0-0: Foul Ball, location: 2F
0-1: Ball
1-1: Ball
2-1: Fly out, F8 (Flyball, 8RM)
Batting: RHB Pau Arria 0-0: Foul Ball, location: 2F
0-1: Swinging Strike
0-2: Ball
1-2: Strikes out looking
Top of the 6th over - 1 run(s), 2 hit(s), 0 error(s), 1 left on base; Calgary 3 - Milton 0
BOTTOM OF THE 6TH
Milton Dogfish Head batting - Pitching for Calgary Lynx : LHP Andrés Quezada
Batting: LHB Floyd Long 0-0: Ball
1-0: Foul Ball, location: 2F
1-1: Ball
2-1: SINGLE (Groundball, 4D)
Batting: LHB Jack Sutherland 0-0: Ball
1-0: Foul Ball, location: 2F
1-1: Fly out, F6 (Line Drive, 56D)
Batting: LHB Víctor Robledo 0-0: Ball
1-0: Foul Ball, location: 2F
1-1: Ball
2-1: Ball
3-1: Grounds into double play, 6-4-3 (Groundball, 6)
Bottom of the 6th over - 0 run(s), 1 hit(s), 0 error(s), 0 left on base; Calgary 3 - Milton 0
TOP OF THE 7TH
Calgary Lynx batting - Pitching for Milton Dogfish Head : RHP Santiago Paez
Batting: RHB Logan Namajunas 0-0: Ground out 5-3 (Groundball, 56S)
Batting: RHB José Carlos Ramos 0-0: Ball
1-0: Foul Ball, location: 2F
1-1: Swinging Strike
1-2: Foul Ball, location: 2F
1-2: Foul Ball, location: 2F
1-2: Strikes out swinging
Batting: RHB Frank Grimes 0-0: Ground out 6-3 (Groundball, 56)
Top of the 7th over - 0 run(s), 0 hit(s), 0 error(s), 0 left on base; Calgary 3 - Milton 0
BOTTOM OF THE 7TH
Milton Dogfish Head batting - Pitching for Calgary Lynx : LHP Andrés Quezada
Batting: LHB António Ramos 0-0: Ball
1-0: Ball
2-0: SINGLE (Groundball, 6MD)
Batting: RHB Moisés Quintana 0-0: Fly out, F6 (Popup, 6D)
Batting: RHB Luis Alomar 0-0: Swinging Strike
0-1: Foul Ball, location: 2F
0-2: Ball
1-2: Ball
2-2: Ball
3-2: Grounds into double play, 5-4-3 (Groundball, 5L)
Bottom of the 7th over - 0 run(s), 1 hit(s), 0 error(s), 0 left on base; Calgary 3 - Milton 0
TOP OF THE 8TH
Calgary Lynx batting - Pitching for Milton Dogfish Head : RHP Santiago Paez
Pitching: RHP Edgardo Nava
Batting: RHB Jesús Martínez 0-0: SINGLE (Flyball, 7S)
Batting: LHB Wilson Horton 0-0: Ball
1-0: Foul Ball, location: 2F
1-1: SINGLE (Line Drive, 4MD)
Jesús Martínez to second
Batting: SHB Lowell Moon 0-0: Sac Bunt - play at third, runner OUT! 1-5
Wilson Horton to second
Batting: LHB Daniel García 0-0: Ball
1-0: Ball
2-0: Fielders Choice at 2nd, 3-6 (Groundball, 3)
Wilson Horton to third
Batting: RHB Wilson Vega 0-0: Called Strike
0-1: Ball
1-1: Ball
2-1: Ball
Daniel García steals 2nd base
3-1: Foul Ball, location: 2F
3-2: SINGLE (Flyball, 8LS)
Wilson Horton scores
Daniel García to third
Daniel García scores
Batting: RHB Pau Arria 0-0: Called Strike
Wilson Vega is caught stealing 2nd base
Top of the 8th over - 2 run(s), 3 hit(s), 0 error(s), 0 left on base; Calgary 5 - Milton 0
BOTTOM OF THE 8TH
Milton Dogfish Head batting - Pitching for Calgary Lynx : LHP Andrés Quezada
Batting: LHB Luis Vicenteno 0-0: Ball
1-0: Foul Ball, location: 2F
1-1: Ball
2-1: Ball
3-1: Base on Balls
Batting: RHB Víctor López 0-0: Ball
1-0: Called Strike
1-1: Ball
Pickoff Throw to First - Out!
2-1: Swinging Strike
2-2: Ball
3-2: Ground out 5-3 (Groundball, 5)
Batting: RHB Lorenzo Rosas 0-0: Ball
1-0: Ball
2-0: Foul Ball, location: 2F
2-1: Single, Error in OF, E7, batter to second base
Batting: LHB Floyd Long 0-0: Ball
1-0: Called Strike
1-1: Ball
2-1: Ball
3-1: Base on Balls
Batting: LHB Jack Sutherland 0-0: Called Strike
0-1: Called Strike
0-2: SINGLE (Groundball, 4) (infield hit)
Lorenzo Rosas to third
Floyd Long to second
Pitching: RHP Domingo Velasco
Batting: LHB Víctor Robledo 0-0: Ball
1-0: Foul Ball, location: 2F
1-1: Foul Ball, location: 2F
1-2: Foul Ball, location: 2F
1-2: Ball
2-2: Fly out, F8 (Flyball, 8LS)
Bottom of the 8th over - 0 run(s), 2 hit(s), 1 error(s), 3 left on base; Calgary 5 - Milton 0
TOP OF THE 9TH
Calgary Lynx batting - Pitching for Milton Dogfish Head : RHP Edgardo Nava
Pitching: LHP Jim Unknown
Batting: RHB Pau Arria 0-0: Swinging Strike
0-1: Fly out, F7 (Flyball, 78S)
Batting: RHB Logan Namajunas 0-0: Called Strike
0-1: Ball
1-1: Ball
2-1: Fly out, F8 (Flyball, 8RM)
Batting: RHB José Carlos Ramos 0-0: Swinging Strike
0-1: Ball
1-1: Swinging Strike
1-2: Strikes out swinging
Top of the 9th over - 0 run(s), 0 hit(s), 0 error(s), 0 left on base; Calgary 5 - Milton 0
BOTTOM OF THE 9TH
Milton Dogfish Head batting - Pitching for Calgary Lynx : RHP Domingo Velasco
Batting: LHB António Ramos 0-0: Called Strike
0-1: Ball
1-1: Called Strike
1-2: Foul Ball, location: 2F
1-2: Fly out, F8 (Flyball, 89M)
Batting: RHB Moisés Quintana 0-0: Swinging Strike
0-1: Foul Ball, location: 2F
0-2: Ground out 5-3 (Groundball, 5)
Batting: RHB Luis Alomar 0-0: Called Strike
0-1: SINGLE (Groundball, 6MD)
Batting: LHB Luis Vicenteno 0-0: Ball
1-0: Ball
2-0: Ball
3-0: Called Strike
3-1: Base on Balls
Luis Alomar to second
Batting: RHB Víctor López 0-0: Called Strike
0-1: Swinging Strike
0-2: Strikes out swinging
Bottom of the 9th over - 0 run(s), 1 hit(s), 0 error(s), 2 left on base; Calgary 5 - Milton 0
Monday, March 20th, 2017 - OOTP Baseball 17.12 Build 75